 Dungeon Crawl Stone Soup version 0.31-a0-691-g409c26aa35 (webtiles) character file.

Game seed: 8395362647353730438

1143 qw the Skirmisher (level 8, -10/49 HPs)
             Began as a Gargoyle Hunter on Sept 6, 2023.
             Mangled by Sigmund
             ... wielding a +3 heavy scythe
              (17 damage)
             ... on level 6 of the Dungeon.
             The game lasted 00:01:44 (3932 turns).

qw the Skirmisher (Gargoyle Hunter)                 Turns: 3932, Time: 00:01:45

Health: -10/49     AC: 14    Str: 20    XL:     8   Next: 37%
Magic:  8/8        EV: 11    Int: 11    God:
Gold:   258        SH:  0    Dex: 15    Spells: 7/7 levels left

rFire   . . .        e - +0 shortbow (heavy)
rCold   . . .        (shield currently unavailable)
rNeg    + . .        j - +0 ring mail
rPois   inf          (no helmet)
rElec   +            (no cloak)
rCorr   .            m - +0 pair of gloves
SInv    .            h - +1 pair of boots
Will    .....        (no amulet)
Stlth   +            p - +6 ring of strength
HPRegen 0.28/turn    (no ring)
MPRegen 0.11/turn

%: no passive effects
@: no status effects
A: sickness immunity, AC +5, negative energy resistance 1, electricity
resistance, torment resistance 1, petrification resistance
a: no special abilities


You were on level 6 of the Dungeon.
You visited 1 branch of the dungeon, and saw 6 of its levels.

You collected 258 gold pieces.


Innate Abilities, Weirdness & Mutations

You are immune to sickness and miasma.
Your stone body is resilient. (AC +5)
You are immune to poison.
You resist negative energy. (rN+)
You are resistant to electric shocks. (rElec)
You are resistant to unholy torment.
You are immune to petrification.


   Skills:
 + Level 5.2 Fighting
 - Level 9.0 Ranged Weapons
 - Level 2.4 Armour
 - Level 2.2 Dodging
 - Level 1.1 Stealth


You had 7 spell levels left.
You didn't know any spells.
Your spell library was empty.

Inventory:

Hand Weapons
 e - a +0 heavy shortbow (weapon)
Armour
 h - a +1 pair of boots (worn)
 j - a +0 ring mail (worn)
 m - a +0 pair of gloves (worn)
Jewellery
 p - a +6 ring of strength (left hand)
Scrolls
 f - a scroll of identify
Potions
 b - a potion of cancellation
 c - a potion of resistance
 l - a potion of brilliance {unknown}
 n - a potion of curing
 q - a potion of invisibility {unknown}

Dungeon Overview and Level Annotations

Branches:
Dungeon (6/15)
 Temple: D:4-7

Altars:
Trog

Annotations:
D:5 exclusion: 2 hounds
D:6 Jeremiah, Sigmund


Message History

3924 ||| READING scroll of teleportation.
As you read the scroll of teleportation, it crumbles to dust.
You feel strangely unstable.
You shoot an arrow. The jelly quivers.
The arrow hits the white imp!
You kill the white imp!
3926 ||| FLEEEEING.
Found a scroll of enchant armour.
There is a stone staircase leading up here.
3927 ||| STAIRDANCE You stop ascending the stairs.
Your surroundings suddenly seem different. 2 orcs and an iguana come into view.
Found a +6 sling and a yellow potion.
The orc shouts! x2; The iguana hisses angrily.
You hear a shout!
The iguana hisses menacingly.
An orc comes into view. It is wielding a +0 mace.
You shoot an arrow. The arrow barely misses the iguana.
The butterfly disappears in a burst of colours!
The orc hits you but does no damage.
The iguana hisses menacingly.
The iguana closely misses you.
Sigmund the Dreaded comes into view.
He is wielding a +3 heavy scythe and wearing a +2 robe of cold resistance.
You shoot an arrow. The arrow barely misses the iguana.
Sigmund shouts!
The iguana bites you but does no damage.
The orc hits you but does no damage.
You shoot an arrow. The arrow hits the iguana!
You kill the iguana!
The orc hits you but does no damage. x3
You shoot an arrow. The arrow hits the orc!
You kill the orc!
The orc hits you with a +0 whip.
Sigmund mumbles some strange words.
Sigmund flickers and vanishes!
Deactivating autopickup; reactivate with Ctrl-A.
You shoot an arrow. The arrow barely misses the orc.
The orc barely misses you. The orc hits you but does no damage. x2
Something hits you!
You die...

.. . .. #. . .#####
#.# .. .....
##..###### ... .... #
#........##.... ..#
... ...............
..##..#
......o........
..J..## ..!...o@.#
..##..# .......).#
#....# .........#
#..................
.....###............
....$# #......##...
....).. ##...... ...#
.....##. #......##..##
..#.....##...........#


You could see 2 orcs.

Vanquished Creatures
  A black bear (D:5)
  An ogre (D:4)
  A phantom (D:5)
  Blork the orc (D:5)
  A bullfrog (D:6)
  3 scorpions (D:5)
  A vampire bat (D:3)
  2 hounds
  A jelly (D:4)
  An orc priest (D:4)
  A sleepcap (D:4)
  2 iguanas
  2 orc wizards (D:4)
  4 adders
  5 gnolls
  2 white imps
  An ufetubus (D:5)
  A worm (D:2)
  4 dart slugs
  3 fire bats (D:3)
  17 orcs
  2 spectral bats (D:3)
  4 ball pythons
  16 bats
  3 bat skeletons (D:3)
  A bat zombie (D:3)
  10 endoplasms
  A giant cockroach (D:4)
  6 goblins
  6 hobgoblins
  7 kobolds
  3 quokkas
  A bat simulacrum (D:3)
  3 frilled lizards (D:1)
  6 rats
124 creatures vanquished.

Notes
Turn   | Place    | Note
-------+----------+-------------------------------------------
     0 | D:1      | qw the Gargoyle Hunter began the quest for the Orb.
     0 | D:1      | Reached XP level 1. HP: 12/12 MP: 1/1
     0 | D:1      | 0 ||| qw: Version: 0.3-a-76-g4403597
     0 | D:1      | 0 ||| qw: Game counter: 40
     0 | D:1      | 0 ||| qw: Melee chars always use a shield: true
     0 | D:1      | 0 ||| qw: God list: Okawaru
     0 | D:1      | 0 ||| qw: Allow faded altars: false
     0 | D:1      | 0 ||| qw: Do Orc after clearing Dungeon:15 true
     0 | D:1      | 0 ||| qw: Do second Lair branch before Depths: true
     0 | D:1      | 0 ||| qw: Lair rune preference: random
     0 | D:1      | 0 ||| qw: Goals: Normal
     0 | D:1      | 0 ||| PLANNING D:1-11
    87 | D:1      | Reached XP level 2. HP: 17/17 MP: 2/2
   221 | D:1      | Reached XP level 3. HP: 21/21 MP: 3/3
   334 | D:1      | Reached skill level 5 in Ranged Weapons
   574 | D:1      | 574 ||| UPGRADING to +1 pair of boots.
   579 | D:1      | 579 ||| UPGRADING to +0 ring mail.
   589 | D:1      | 589 ||| DROPPING +0 leather armour.
   590 | D:1      | 590 ||| UPGRADING to +0 pair of gloves.
   595 | D:1      | 595 ||| READING scroll labelled BUUBANE BOUMAN.
   596 | D:1      | 596 ||| READING scroll labelled HIUCUP WASE.
   597 | D:1      | 597 ||| READING 2 scrolls labelled MICEORHUYBB.
   601 | D:1      | 601 ||| READING scroll labelled KOMEAW GURA.
   602 | D:1      | 602 ||| READING scroll labelled AKKEIFUXUY.
   603 | D:1      | 603 ||| DRINKING 2 emerald potions.
   604 | D:1      | 604 ||| DROPPING scroll of butterflies.
   605 | D:1      | 605 ||| DROPPING potion of degeneration.
   770 | D:2      | Reached skill level 1 in Armour
   836 | D:2      | 836 ||| RETREATING.
   837 | D:2      | 837 ||| Stepping ~*~*~tactically~*~*~ (retreating).
   840 | D:2      | 840 ||| Stepping ~*~*~tactically~*~*~ (retreating).
   842 | D:2      | Reached skill level 3 in Fighting
   842 | D:2      | Reached XP level 4. HP: 21/28 MP: 4/4
   861 | D:2      | 861 ||| FLEEEEING.
   869 | D:2      | 869 ||| STAIRDANCE
   932 | D:1      | 932 ||| READING scroll labelled POR MIUKOENUNOIQE.
   933 | D:1      | 933 ||| READING scroll labelled NALIRPHEIGA.
  1255 | D:3      | Reached XP level 5. HP: 32/32 MP: 5/5
  1378 | D:3      | Reached skill level 6 in Ranged Weapons
  1415 | D:3      | Reached XP level 6. HP: 37/38 MP: 6/6
  1628 | D:3      | Found a bloodstained altar of Trog.
  2200 | D:3      | 2200 ||| READING scroll labelled MIZEQUAMUE.
  2201 | D:3      | 2201 ||| READING scroll labelled HIZA SADIWKUL.
  2202 | D:3      | 2202 ||| DRINKING 2 smoky emerald potions.
  2203 | D:3      | 2203 ||| READING 2 scrolls of identify.
  2203 | D:3      | 2203 ||| IDENTIFYING clear potion
  2500 | D:4      | Reached skill level 7 in Ranged Weapons
  2657 | D:4      | Reached XP level 7. HP: 43/43 MP: 7/7
  3145 | D:4      | 3145 ||| READING scroll labelled ASAUHI OPSAI.
  3146 | D:4      | 3146 ||| DRINKING 2 amethyst potions.
  3147 | D:4      | 3147 ||| READING 2 scrolls of identify.
  3147 | D:4      | 3147 ||| IDENTIFYING fuming inky potion
  3170 | D:5      | Entered Level 5 of the Dungeon
  3172 | D:5      | Noticed Blork the orc
  3180 | D:5      | Killed Blork the orc
  3307 | D:5      | Reached skill level 8 in Ranged Weapons
  3313 | D:5      | 3313 ||| UPGRADING to +6 ring of strength.
  3324 | D:5      | 3324 ||| Stepping ~*~*~tactically~*~*~ (water).
  3453 | D:5      | Identified the +4 long sword "Icaesuso" {drain, Will+
                  | Int+3}
  3466 | D:5      | 3466 ||| Stepping ~*~*~tactically~*~*~ (outnumbered).
  3623 | D:5      | Reached XP level 8. HP: 49/49 MP: 8/8
  3803 | D:5      | 3803 ||| READING scroll labelled SOASIA PUDGHI.
  3804 | D:5      | 3804 ||| DRINKING 2 silvery potions.
  3805 | D:5      | 3805 ||| READING 3 scrolls of identify.
  3805 | D:5      | 3805 ||| IDENTIFYING fuming emerald potion
  3806 | D:5      | 3806 ||| READING 2 scrolls of identify.
  3806 | D:5      | 3806 ||| IDENTIFYING smoky brown potion
  3807 | D:5      | 3807 ||| DROPPING potion of berserk rage.
  3808 | D:5      | 3808 ||| DROPPING potion of lignification.
  3809 | D:5      | 3809 ||| DROPPING potion of attraction.
  3839 | D:6      | 3839 ||| STAIRDANCE
  3865 | D:6      | 3865 ||| STAIRDANCE
  3887 | D:6      | 3887 ||| STAIRDANCE
  3907 | D:6      | Noticed Jeremiah
  3911 | D:6      | HP: 10/49 [Jeremiah/divine providence (16)]
  3912 | D:6      | 3912 ||| READING 3 scrolls of teleportation.
  3912 | D:6      | HP: 1/49 [Jeremiah/+3 trident of draining (6)]
  3913 | D:6      | 3913 ||| DRINKING potion of heal wounds.
  3915 | D:6      | Reached skill level 9 in Ranged Weapons
  3917 | D:6      | HP: 4/49 [Jeremiah/divine providence (14)]
  3918 | D:6      | 3918 ||| READING 2 scrolls of teleportation.
  3921 | D:6      | 3921 ||| FLEEEEING.
  3923 | D:6      | 3923 ||| FLEEEEING.
  3924 | D:6      | 3924 ||| READING scroll of teleportation.
  3926 | D:6      | 3926 ||| FLEEEEING.
  3927 | D:6      | 3927 ||| STAIRDANCE
  3928 | D:6      | Noticed Sigmund
  3931 | D:6      | HP: 7/49 [orc/+0 whip (2)]
  3932 | D:6      | Mangled by Sigmund

Levels and vault maps discovered:
D:1:      minmay_arrival_four_circles, layout_loops_ring
D:2:      layout_basic
D:3:      layout_basic, trog_book, serial_corexii_hall,
          chequers_hall_statues_corner_a, corexii_hall_statues_t, goddamned_bats
D:4:      layout_basic
D:5:      layout_rooms, chequers_big_river, uniq_blork_the_orc
D:6:      layout_cave_pools, nicolae_hepliaklqana_hazy_memory, uniq_eustachio,
          uniq_sigmund, uniq_jeremiah

Skill      XL: |  1  2  3  4  5  6  7  8 |
---------------+-------------------------+-----
Ranged Weapons | 5 6 7 8 9 |  9.0
Armour         | 1 2 |  2.4
Fighting       | 3 4 5 |  5.2
Dodging        | 2 |  2.2
Stealth        | |  1.1

Action                     |  1- 3 |  4- 6 |  7- 9 || total
---------------------------+-------+-------+-------++-------
   Fire: Shortbow          |    76 |   172 |   133 ||   381
    Use: Scroll            |     5 |     5 |     8 ||    18
         Potion            |     1 |     1 |     3 ||     5
 Armour: Leather armour    |     8 |       |       ||     8
         Ring mail         |    10 |   172 |   110 ||   292
  Dodge: Dodged            |    22 |   122 |    72 ||   216

Table legend:
 A = Non-vault XP
 B = Vault XP
 C = Vault XP percentage of total XP
 D = Non-vault monster count
 E = Vault monster count
 F = Vault count percentage of total count
                 A         B        C        D         E       F
            +---------+---------+-------+---------+---------+-------
      Total |    1359 |     274 |  16.8 |     103 |      21 |  16.9
            +---------+---------+-------+---------+---------+-------
        D:1 |      54 |       0 |   0.0 |      22 |       0 |   0.0
        D:2 |     109 |       0 |   0.0 |      25 |       0 |   0.0
        D:3 |      33 |     178 |  84.4 |      12 |      20 |  62.5
        D:4 |     394 |       0 |   0.0 |      22 |       0 |   0.0
        D:5 |     590 |      96 |  14.0 |      17 |       1 |   5.6
        D:6 |     179 |       0 |   0.0 |       5 |       0 |   0.0
            +---------+---------+-------+---------+---------+-------
